 Dungeon Crawl Stone Soup version 0.30-a0-591-g3c58d2bc28 (webtiles) character file.

Game seed: 6545913210156979626

802 Zonian the Sneak (level 7, 0/34 HPs)
             Began as a Vine Stalker Brigand on Jan 6, 2023.
             Engulfed by a steam dragon's steam (7 damage)
             ... on level 5 of the Dungeon.
             The game lasted 00:10:10 (4833 turns).

Zonian the Sneak (Vine Stalker Brigand)             Turns: 4833, Time: 00:10:11

Health: 0/34       AC:  3    Str: 14    XL:     7   Next: 90%
Magic:  0/8        EV: 16    Int: 11    God:
Gold:   253        SH:  0    Dex: 17    Spells: 6/6 levels left

rFire   . . .      SeeInvis .    l - +5 rapier (venom)
rCold   . . .      Faith    .    (no shield)
rNeg    . . .      Spirit   +    b - +0 robe
rPois   +          Reflect  .    (no helmet)
rElec   .          Harm     .    u - +0 cloak
rCorr   .          Rampage  .    (no gloves)
Will    .....                    (no boots)
Stlth   ++++                     p - amulet of magic regeneration
HPRegen 1.05/turn                t - +5 ring of evasion
MPRegen 0.51/turn                f - ring of poison resistance

@: no status effects
A: fangs 2, regeneration 1, magic shield, antimagic bite, no potion heal 2
a: no special abilities


You were on level 5 of the Dungeon.
You visited 1 branch of the dungeon, and saw 5 of its levels.
You also visited: Sewer.

You collected 253 gold pieces.

Inventory:

Hand Weapons
 a - a +2 dagger of freezing
 l - a +5 rapier of venom (weapon)
 r - a +0 short sword
 s - a +2 dagger of pain
Missiles
 d - 20 poisoned darts (quivered)
 e - 3 curare-tipped darts
 g - 7 boomerangs
Armour
 b - a +0 robe (worn)
 c - a +0 cloak
 u - a +0 cloak (worn)
Jewellery
 f - a ring of poison resistance (right hand)
 p - an amulet of magic regeneration (around neck)
 t - a +5 ring of evasion (left hand)
 A - an amulet of the acrobat
Scrolls
 n - a scroll of noise
 y - a scroll of teleportation
Potions
 h - a potion of haste {unknown}
 i - 2 potions of flight
 j - a potion of might
 o - a potion of attraction
 x - 2 potions of resistance
 z - 2 potions of mutation
 B - 2 potions of degeneration {unknown}
 D - a potion of curing {unknown}


   Skills:
 - Level 1.8 Fighting
 + Level 7.1 Short Blades
 - Level 1.8 Throwing
 - Level 0.8 Dodging
 - Level 7.1 Stealth


You had 6 spell levels left.
You didn't know any spells.
Your spell library contained the following spells:

 Spells                   Type           Power      Damage    Failure   Level
 Kiss of Death            Conj/Necr      0%         2d5       34%         1
 Confusing Touch          Hex            0%         N/A       71%         3
 Ignite Poison            Fire/Tmut/Pois 0%         N/A       71%         3
 Inner Flame              Hex/Fire       0%         N/A       71%         3
 Kindle Blastsparks       Fire/Tloc/Air  0%         2d10      71%         3
 Cause Fear               Hex            0%         N/A       98%         4
 Dispel Undead            Necr           0%         3d6       98%         4
 Freezing Cloud           Conj/Ice/Air   0%         6-21      100%        5
 Discord                  Hex            0%         N/A       100%        8


Dungeon Overview and Level Annotations

Branches:
Dungeon (5/15)              Sewer (visited)
 Temple: D:4-7

Altars:
Elyvilon
Qazlal

Shops:
D:1 (

Annotations:
D:3 2 transporters, Heh's ghost, weakling OpCj


Innate Abilities, Weirdness & Mutations

You have extremely sharp teeth.
Your natural rate of healing is unusually fast.
When hurt, damage is shared between your health and your magic reserves.
Your bite disrupts and absorbs the magic of your enemies.
Potions cannot restore your health.


Message History

The ufetubus misses you. The ufetubus hits you. x2
The ufetubus attacks as you move away! The ufetubus hits you.
The ufetubus closely misses you. The ufetubus attacks as you move away!
The ufetubus completely misses you. The ufetubus hits you.
The ufetubus misses you. The ufetubus barely misses you.
The ufetubus attacks as you move away! The ufetubus closely misses you.
The ufetubus barely misses you. The steam dragon breathes steam at you.
The ball of steam hits the ufetubus!
The ufetubus dies!
The ball of steam misses you.
You are engulfed in a cloud of scalding steam.
The steam dragon breathes steam at you. The ball of steam misses you.
You hear the slow hiss of an avalanche of sand nearby.
You hit the steam dragon but do no damage.
The steam dragon is poisoned.
You bite the steam dragon. You drain its power.
The steam dragon is lightly wounded.
The steam dragon completely misses you. x2
You closely miss the steam dragon. Your bite misses the steam dragon.
The steam dragon is lightly wounded.
The steam dragon bites you! The steam dragon claws you.
You closely miss the steam dragon.
The steam dragon is lightly wounded.
You hit the steam dragon.
The steam dragon looks even sicker.
The steam dragon is moderately wounded.
The steam dragon bites you! The steam dragon closely misses you.
You hit the steam dragon.
The steam dragon looks as sick as possible!
You bite the steam dragon, but do no damage.
The steam dragon is moderately wounded.
The steam dragon breathes steam at you. The ball of steam hits you!!
* * * LOW HITPOINT WARNING * * *
You hit the steam dragon.
The steam dragon looks as sick as possible!
Your punch misses the steam dragon.
The steam dragon is heavily wounded.
You are engulfed in a cloud of scalding steam.
You die...

###### #....# #....#
################## #....#
#@D..............§
#<...########§################
#.............#
#.............###
#...............###.
##.##......)........ .
#......#####..#####.. ##
#.........##.##
#.............#


You could see a steam dragon (extremely poisoned).

Vanquished Creatures
  Eustachio (D:5)
  An ice beast (D:4)
  A bullfrog (Sewer)
  A scorpion (D:4)
  An orc priest (D:4)
  A jelly (D:4)
  Terence (D:2)
  An iguana (D:4)
  4 orc wizards
  8 adders
  4 gnolls
  4 worms
  4 dart slugs
  10 orcs
  7 endoplasms
  15 giant cockroaches
  3 hobgoblins
  6 jackals
  9 kobolds
  7 quokkas
  11 ball pythons
  2 bats
  15 frilled lizards
  5 goblins
  6 rats
128 creatures vanquished.

Vanquished Creatures (others)
  An ufetubus (D:5)
  An orc (D:4)
  8 plants (D:4)
10 creatures vanquished.

Grand Total: 138 creatures vanquished

Notes
Turn   | Place    | Note
-------+----------+-------------------------------------------
     0 | D:1      | Zonian the Vine Stalker Brigand began the quest for the
                  | Orb.
     0 | D:1      | Reached XP level 1. HP: 11/11 MP: 2/2
   277 | D:1      | Reached skill level 5 in Stealth
   285 | D:1      | Found Qugrus's Weapon Boutique.
   294 | D:1      | Reached XP level 2. HP: 15/15 MP: 3/3
   812 | D:1      | Reached XP level 3. HP: 14/18 MP: 4/4
  1425 | D:2      | Gained mutation: Your natural rate of healing is unusually
                  | fast. [Vine Stalker growth]
  1425 | D:2      | Reached XP level 4. HP: 23/23 MP: 5/5
  1896 | D:2      | Noticed Terence
  1898 | D:2      | Found a faded altar of an unknown god.
  1907 | D:2      | Killed Terence
  1908 | D:2      | Reached XP level 5. HP: 12/26 MP: 6/6
  2353 | D:3      | Found a transporter.
  2369 | D:3      | Noticed Heh's ghost (weakling OpCj)
  2401 | D:3      | Found a transporter.
  2615 | D:3      | Found a glowing drain.
  2697 | Sewer    | Entered a sewer
  3129 | Sewer    | Reached XP level 6. HP: 30/30 MP: 7/7
  3785 | D:4      | Reached skill level 5 in Short Blades
  3935 | D:4      | Found a stormy altar of Qazlal.
  3935 | D:4      | Found a white marble altar of Elyvilon.
  3935 | D:4      | Noticed an ice beast
  3944 | D:4      | Killed an ice beast
  3945 | D:4      | Reached XP level 7. HP: 34/34 MP: 8/8
  4717 | D:5      | Entered Level 5 of the Dungeon
  4735 | D:5      | Noticed Eustachio
  4749 | D:5      | Killed Eustachio
  4797 | D:5      | Noticed a steam dragon
  4833 | D:5      | Engulfed by a steam dragon's steam

Illustrated notes

Levels and vault maps discovered:
D:1:      dpeg_arrival_boxes_within_box, layout_basic, serial_shops,
          nicolae_square_shop
D:2:      minmay_inner_zag, layout_basic, chequers_ecumenical_altar_simple,
          uniq_terence
D:3:      layout_rooms, serial_rivers, chequers_serial_rivers_room_a,
          chequers_serial_rivers_micro_b, chequers_serial_rivers_small_b,
          chequers_serial_rivers_micro_c, chequers_serial_rivers_micro_c,
          chequers_serial_rivers_large_a, portal_sewer_entry_e,
          gammafunk_ghost_stat_death
D:4:      layout_cave_pools, mainiacjoe_overflow_divided_tiny, serial_bayou,
          serial_bayou_lake_a, serial_bayou_shore_a, serial_bayou_shore_b,
          serial_bayou_ford_a
D:5:      layout_rooms, enter_ossuary_1, uniq_eustachio, uniq_ijyb

Skill      XL: |  1  2  3  4  5  6  7 |
---------------+----------------------+-----
Short Blades   | 2 3 4 5 7 |  7.1
Stealth        | 5 6 7 |  7.1
Fighting       | |  1.8
Throwing       | |  1.8
Dodging        | |  0.8

Action                   |  1- 3 |  4- 6 |  7- 9 || total
-------------------------+-------+-------+-------++-------
Melee: Dagger            |    50 |   241 |       ||   291
       Bite              |    10 |    55 |    17 ||    82
       Punch             |     1 |     1 |     1 ||     3
       Rapier            |       |    48 |    53 ||   101
Throw: Dart              |     2 |     1 |       ||     3
  Use: Scroll            |       |     6 |     8 ||    14
       Potion            |       |     1 |       ||     1
 Stab: Sleeping          |     9 |    13 |       ||    22
       Distracted        |       |     2 |       ||     2
Armor: Robe              |     4 |    85 |    13 ||   102
Dodge: Dodged            |    17 |   201 |    57 ||   275

Table legend: (Time is in decaauts)
 A = Elapsed time spent in this place.
 B = Non-inter-level travel time spent in this place.
 C = Inter-level travel time spent in this place.
 D = Time resting spent in this place.
 E = Time spent auto-exploring this place.
 F = Levels seen in this place.
 G = Mean time per level.
                   A        B        C        D        E       F      G
               +--------+--------+--------+--------+--------+-----+--------+
         Total |   4898 |   4717 |    181 |   1153 |   2140 |   6 |  816.3 |
       Dungeon |   4382 |   4201 |    181 |   1084 |   2131 |   5 |  876.4 |
         Sewer |    515 |    515 |      0 |     68 |      9 |   1 |  515.0 |
               +--------+--------+--------+--------+--------+-----+--------+

Top non-repeatable levels by time:
     D:2: 1326 daAuts
     D:3: 1116 daAuts
     D:1: 978 daAuts
     D:4: 847 daAuts
   Sewer: 515 daAuts
     D:5: 113 daAuts
